 Dungeon Crawl Stone Soup version 0.23-a0-607-g760965b753 (webtiles) character file.

821 Azzok the Ruffian (level 7, -12/56 HPs)
             Began as a Demonspawn Fighter on Dec 20, 2018.
             Killed by divine providence
             ... invoked by an orc priest
              (15 damage)
             ... on level 6 of the Dungeon.
             The game lasted 00:07:01 (4980 turns).

Azzok the Ruffian (Demonspawn Fighter)              Turns: 4980, Time: 00:07:02

Health: -12/56     AC: 11    Str: 17    XL:     7   Next: 63%
Magic:  9/9        EV:  7    Int: 11    God:
Gold:   316        SH:  8    Dex: 12    Spells: 6/9 levels left

rFire    + . .     SeeInvis .   g - +5 whip (venom)
rCold    . . .     Gourm    .   b - +0 shield
rNeg     + + .     Faith    .   c - +0 pearl dragon scales
rPois    .         Spirit   .   (helmet restricted)
rElec    .         Reflect  .   (no cloak)
rCorr    .         Harm     .   (no gloves)
MR       .....                  (no boots)
Stlth    +.........             (no amulet)
HPRegen  0.18/turn              s - ring of positive energy
MPRegen  0.11/turn              o - ring of protection from fire

@: no status effects
A: antennae 1, powered by death 1, sturdy frame 2
a: no special abilities


You were on level 6 of the Dungeon.
You were not hungry.

You visited 1 branch of the dungeon, and saw 6 of its levels.

You collected 326 gold pieces.
You spent 10 gold pieces at shops.

Inventory:

Hand Weapons
 g - a +5 whip of venom (weapon)
 m - a +2 dagger of venom
Armour
 b - a +0 shield (worn)
 c - +0 pearl dragon scales (worn)
Jewellery
 o - a ring of protection from fire (right hand)
 s - a ring of positive energy (left hand)
Scrolls
 i - 3 scrolls of fog
 j - 2 scrolls of amnesia
 q - 4 scrolls of remove curse
Potions
 a - a potion of magic
 e - a potion of agility
 h - 2 potions of cancellation
 k - 2 potions of invisibility
 l - a potion of resistance {unknown}
 p - a potion of curing {unknown}
 t - a potion of heal wounds {unknown}
 u - a potion of brilliance
Comestibles
 d - 12 rations
 f - 3 chunks of flesh


   Skills:
 - Level 5.0 Fighting
 - Level 2.6 Armour
 - Level 2.6 Shields
 * Level 6.9 Unarmed Combat
 + Level 1.6 Spellcasting


You had 6 spell levels left.
You knew the following spells:

 Your Spells              Type           Power        Failure   Level  Hunger
a - Regeneration          Chrm/Necr      #.........   100%        3    ####...

Your spell library contained the following spells:

 Spells                   Type           Power        Failure   Level  Hunger
 Animate Skeleton         Necr           N/A          95%         1    ##.....
 Pain                     Necr           #...         95%         1    ##.....
 Summon Small Mammal      Summ           #...         95%         1    ##.....
 Call Imp                 Summ           #.......     99%         2    ###....
 Call Canine Familiar     Summ           #.......     100%        3    ####...
 Summon Guardian Golem    Hex/Summ       #.......     100%        3    ####...
 Vampiric Draining        Necr           #.........   100%        3    ####...
 Animate Dead             Necr           N/A          100%        4    #####..
 Summon Ice Beast         Ice/Summ       #.......     100%        4    #####..
 Summon Lightning Spire   Summ/Air       #.......     100%        4    #####..


Dungeon Overview and Level Annotations

Branches:
Dungeon (6/15)
 Temple: D:4-7

Altars:
Dithmenos
Fedhas
Ru
Sif Muna
Trog

Shops:
D:4 !


Innate Abilities, Weirdness & Mutations

You have a pair of small antennae on your head.
You regenerate a little health from kills.
Your movements are less encumbered by armour. (ER -4)


Message History

The orc priest barely misses you.
You barely miss the orc priest.
The orc priest is heavily wounded.
The orc priest hits you with a +0 flail.
* * * LOW HITPOINT WARNING * * *
You closely miss the orc priest.
The orc priest is heavily wounded.
The orc priest completely misses you.
You barely miss the orc priest.
The orc priest is severely wounded.
The orc priest calls down the wrath of Beogh upon you.
Beogh smites you!
* * * LOW HITPOINT WARNING * * *
You hit the orc priest.
The orc priest looks as sick as possible!
The orc priest is almost dead.
You block the orc priest's attack.
The orc priest calls down the wrath of Beogh upon you.
Beogh smites you!
You die...

▒···▒
▒···▒
▒▒▒▒▒···▒
▒·······▒
▒·▒▒▒▒▒▒▒
▒·▒ ▒·▒
▒)▒ ▒@▒
▒o▒ ▒o·▒
▒····
···▒·▒
···▒·▒
··≈·▒ ▒
≈≈≈·▒
≈≈≈P·▒


You could see 2 orc priests.

Vanquished Creatures
  2 orc warriors (D:6)
  A crocodile (D:5)
  2 bullfrogs
  A bullfrog zombie (D:5)
  A crimson imp (D:6)
  2 centaur skeletons (D:5)
  An orc wizard (D:6)
  A gnoll shaman (D:6)
  A hound (D:5)
  A worker ant (D:4)
  Robin (D:3)
  A worker ant zombie (D:6)
  4 adders
  3 gnolls (D:6)
  2 shadow imps (D:5)
  2 worms
  4 leopard geckos
  3 orcs
  7 bats
  3 giant cockroaches
  19 goblins
  8 hobgoblins
  3 jackals (D:1)
  2 quokkas (D:6)
  5 frilled lizards
  A giant cockroach zombie (D:5)
  8 kobolds
  A leopard gecko skeleton (D:4)
  9 rats
99 creatures vanquished.

Vanquished Creatures (others)
  7 plants (D:6)
7 creatures vanquished.

Grand Total: 106 creatures vanquished

Notes
Turn   | Place    | Note
-------+----------+-------------------------------------------
     0 | D:1      | Azzok the Demonspawn Fighter began the quest for the Orb.
     0 | D:1      | Reached XP level 1. HP: 18/18 MP: 1/1
    90 | D:1      | Reached skill level 2 in Unarmed Combat
   269 | D:1      | Gained mutation: You regenerate a little health from kills.
                  | [demonic ancestry]
   269 | D:1      | Reached XP level 2. HP: 22/24 MP: 2/2
   694 | D:1      | Reached skill level 3 in Unarmed Combat
  1006 | D:2      | Reached XP level 3. HP: 27/29 MP: 3/3
  1487 | D:2      | Found a shadowy altar of Dithmenos.
  1651 | D:3      | Noticed Robin
  1691 | D:3      | Killed Robin
  1691 | D:3      | Reached skill level 4 in Unarmed Combat
  1691 | D:3      | Gained mutation: You have a pair of small antennae on your
                  | head. [demonic ancestry]
  1691 | D:3      | Reached XP level 4. HP: 19/35 MP: 4/4
  2708 | D:4      | Reached XP level 5. HP: 41/41 MP: 5/5
  2955 | D:4      | Found a blossoming altar of Fedhas.
  3028 | D:4      | Found Wonidyeh's Distillery.
  3042 | D:4      | Bought a potion of degeneration for 10 gold pieces
  3238 | D:5      | Entered Level 5 of the Dungeon
  3270 | D:5      | Found a sacrificial altar of Ru.
  3338 | D:5      | Found a bloodstained altar of Trog.
  3409 | D:5      | Noticed a crocodile
  3419 | D:5      | Reached skill level 5 in Unarmed Combat
  3427 | D:5      | Killed a crocodile
  3427 | D:5      | Gained mutation: Your movements are slightly less
                  | encumbered by armour. (ER -2) [demonic ancestry]
  3427 | D:5      | Reached XP level 6. HP: 16/48 MP: 6/6
  4103 | D:5      | Found a deep blue altar of Sif Muna.
  4455 | D:6      | Learned a level 3 spell: Regeneration
  4463 | D:6      | Reached skill level 6 in Unarmed Combat
  4716 | D:6      | Gained mutation: Your movements are less encumbered by
                  | armour. (ER -4) [demonic ancestry]
  4716 | D:6      | Reached XP level 7. HP: 43/55 MP: 7/7
  4843 | D:6      | Reached skill level 5 in Fighting
  4852 | D:6      | Reached skill level 1 in Spellcasting
  4980 | D:6      | Killed from afar by an orc priest

Vault maps used:
D:1:      nzn_arrival_crosshair, grunt_decor_cap
D:2:      lemuel_round_altar
D:3:      kennysheep_nub, uniq_robin
D:4:      nicolae_overflow_crystal_walls, serial_shops, shop
D:5:      led_sif_pool, overflow_temple_1_default, first_ration,
          nicolae_ru_awakened_eye
D:6:      minmay_temple_entry_offerings, serial_bayou, serial_bayou_shore_b,
          serial_bayou_pond_d, serial_bayou_lagoon_a, serial_bayou_shore_a,
          serial_bayou_pond_b, serial_bayou_pond_e, uniq_prince_ribbit1

Skill      XL: |  1  2  3  4  5  6  7 |
---------------+----------------------+-----
Unarmed Combat | 2 3 4 5 6 |  6.9
Fighting       | 4 5 |  5.0
Spellcasting   | 1 |  1.6
Armour         | |  2.6
Shields        | |  2.6

Action                   |  1- 3 |  4- 6 |  7- 9 || total
-------------------------+-------+-------+-------++-------
Melee: Unarmed           |   114 |       |       ||   114
       Dagger            |    91 |    17 |       ||   108
       Whip              |       |   129 |    41 ||   170
  Use: Potion            |     1 |       |       ||     1
       Scroll            |       |    11 |       ||    11
  Eat: Chunk             |     3 |     6 |     1 ||    10
       Ration            |       |     1 |       ||     1
Armor: Scale mail        |    71 |       |       ||    71
       Chain mail        |    38 |    22 |       ||    60
       Pearl dragon scal |       |    52 |     8 ||    60
Dodge: Dodged            |    57 |    29 |     7 ||    93
Block: Shield            |    83 |    45 |     9 ||   137

Table legend:
 A = Non-vault XP
 B = Vault XP
 C = Vault XP percentage of total XP
 D = Non-vault monster count
 E = Vault monster count
 F = Vault count percentage of total count
                 A         B        C        D         E       F
            +---------+---------+-------+---------+---------+-------
      Total |    1132 |      41 |   3.5 |      84 |      15 |  15.2
            +---------+---------+-------+---------+---------+-------
        D:1 |      39 |       0 |   0.0 |      24 |       0 |   0.0
        D:2 |      45 |       0 |   0.0 |      20 |       0 |   0.0
        D:3 |      46 |      37 |  44.6 |      12 |      13 |  52.0
        D:4 |      55 |       0 |   0.0 |       6 |       0 |   0.0
        D:5 |     389 |       0 |   0.0 |       9 |       0 |   0.0
        D:6 |     558 |       4 |   0.7 |      13 |       2 |  13.3
            +---------+---------+-------+---------+---------+-------
